 Dungeon Crawl Stone Soup version 0.30.1-9-gdf580d7c3d (webtiles) character file.

Game seed: 2268052853870953530

85309 Eitelfritz the Severer (level 15, -11/126 HPs)
             Began as a Hill Orc Fighter on Oct 21, 2023.
             Was the Champion of Hepliaklqana.
             Mangled by a tyrant leech (21 damage)
             ... on level 2 of the Swamp.
             The game lasted 01:02:09 (23224 turns).

Eitelfritz the Severer (Hill Orc Fighter)          Turns: 23224, Time: 01:02:09

Health: -11/126    AC: 23    Str: 25    XL:     15   Next: 83%
Magic:  19/19      EV: 12    Int: 10    God:    Hepliaklqana [******]
Gold:   1292       SH: 16    Dex: 10    Spells: 14/14 levels left

rFire   + . .        a - +5 war axe (flame)
rCold   + . .        K - +0 tower shield
rNeg    . . .        Q - +4 plate armour {rF+}
rPois   +            U - +2 helmet
rElec   +            I - +0 cloak
rCorr   .            p - +0 pair of gloves "Luhudgho" {Drain rC+ Slay+2}
SInv    .            (no boots)
Will    +....        m - amulet of the Air {Inacc Air Fly rElec RMsl} Stlth
                     r - +5 ring of evasion
HPRegen 0.41/turn    R - ring "Enesk" {Wiz rPois Slay+3}
MPRegen 0.16/turn

%: repel missiles, wizardry (x1)
@: flying, slowed, studying Short Blades, very slow
A: reduced essence, deformed body
a: Renounce Religion, Recall Ancestor, Ancestor Identity, Transference, Idealise


You were on level 2 of the Swamp.
You worshipped Hepliaklqana.
Hepliaklqana was exalted by your worship.
You visited 5 branches of the dungeon, and saw 22 of its levels.
You also visited: Gauntlet.

You collected 2198 gold pieces.
You spent 906 gold pieces at shops.

Inventory:

Hand Weapons
 a - a +5 war axe of flaming (weapon)
 b - a +0 sling of flaming
 c - a +1 war axe of freezing
Missiles
 j - 6 javelins
 o - 4 throwing nets
 s - 10 boomerangs
Armour
 p - the +0 pair of gloves "Luhudgho" (worn) {Drain rC+ Slay+2}
   (You acquired it on level 4 of the Dungeon)

   Slay:      It affects your accuracy & damage with ranged weapons and melee
   (+2).
   rC:        It protects you from cold.
   Drain:     It drains your maximum health when unequipped.
 I - a +0 cloak (worn)
 K - a +0 tower shield (worn)
 Q - a +4 plate armour of fire resistance (worn)
 U - a +2 helmet (worn)
Jewellery
 m - the amulet of the Air (around neck) {Inacc Air Fly rElec RMsl}
   (You bought it in a shop on level 2 of the Orcish Mines)

   [amulet of nothing]

   Inacc:     It reduces the accuracy of your attacks and spells.
   Air:       It enhances your air magic.
   rElec:     It insulates you from electricity.
   Fly:       It grants you flight.
   RMsl:      It protects you from missiles.
 r - a +5 ring of evasion (left hand)
 x - the ring of Jalostrato {Dex+3 SInv}
   (You bought it in a shop on level 2 of the Orcish Mines)

   [ring of see invisible]

   Dex:       It affects your dexterity (+3).
   SInv:      It lets you see invisible.
 N - the ring of the Nightingale {rPois rF+}
   (You found it in a Gauntlet)

   [ring of poison resistance]

   rF:        It protects you from fire.
   rPois:     It protects you from poison.
 O - a ring of protection from cold
 R - the ring "Enesk" (right hand) {Wiz rPois Slay+3}
   (You found it in a Gauntlet)

   [ring of wizardry]

   It improves your spell success rate.
   Slay:      It affects your accuracy & damage with ranged weapons and melee
   (+3).
   rPois:     It protects you from poison.
Wands
 e - a wand of quicksilver (3)
 u - a wand of charming (7)
 y - a wand of flame (66)
 A - a wand of iceblast (29)
 C - a wand of polymorph (21)
 H - a wand of digging (8)
Scrolls
 f - 7 scrolls of fear
 g - 13 scrolls of teleportation
 i - 3 scrolls of magic mapping
 v - 2 scrolls of amnesia
 w - 2 scrolls of torment
 z - a scroll of poison {unknown}
 F - 4 scrolls of identify
 M - 2 scrolls of fog
 V - a scroll of enchant weapon
Potions
 d - 2 potions of might
 h - 3 potions of ambrosia
 k - 3 potions of magic
 l - 8 potions of curing
 n - 2 potions of invisibility
 q - 5 potions of flight
 t - 3 potions of resistance
 E - a potion of cancellation
 P - 4 potions of haste
 S - a potion of brilliance


   Skills:
 + Level 15.2 Fighting
 + Level 20.0 Axes
 + Level 0.6 Ranged Weapons
 + Level 15.4 Armour
 + Level 1.8 Dodging
 + Level 5.1 Stealth
 + Level 13.0 Shields
 + Level 6.0 Invocations


You had 14 spell levels left.
You didn't know any spells.
Your spell library contained the following spells:

 Spells                   Type           Power      Damage    Failure   Level
 Apportation              Tloc           0%         N/A       95%         1
 Magic Dart               Conj           0%         1d3       95%         1
 Call Imp                 Summ           0%         N/A       98%         2
 Cigotuvi's Dreadful Rot  Necr/Pois/Air  0%         N/A       98%         2
 Searing Ray              Conj           0%         2d4       98%         2
 Call Canine Familiar     Summ           0%         N/A       100%        3
 Mephitic Cloud           Conj/Pois/Air  0%         N/A       100%        3
 Ozocubu's Armour         Ice            0%         N/A       100%        3
 Portal Projectile        Hex/Tloc       0%         N/A       100%        3
 Summon Guardian Golem    Hex/Summ       0%         N/A       100%        3
 Tukima's Dance           Hex            0%         N/A       100%        3
 Dispel Undead            Necr           0%         3d6       100%        4
 Fulminant Prism          Conj/Hex       0%         3d5       100%        4
 Leda's Liquefaction      Hex/Erth       0%         N/A       100%        4
 Passage of Golubria      Tloc           0%         N/A       100%        4
 Alistair's Intoxication  Tmut/Pois      0%         N/A       100%        5
 Blade Hands              Tmut           0%         N/A       100%        5
 Borgnjor's Vile Clutch   Necr/Erth      0%         N/A       100%        5
 Silence                  Hex/Air        0%         N/A       100%        5
 Conjure Ball Lightning   Conj/Air       0%         3x3d6     100%        6
 Death Channel            Necr           0%         N/A       100%        6
 Eringya's Noxious Bog    Tmut/Pois      0%         N/A       100%        6
 Orb of Destruction       Conj           0%         9d5       100%        7
 Ozocubu's Refrigeration  Ice            0%         4d7       100%        7
 Spellforged Servitor     Conj/Summ      0%         N/A       100%        7
 Discord                  Hex            0%         N/A       100%        8
 Disjunction              Tloc           0%         N/A       100%        8
 Lehudib's Crystal Spear  Conj/Erth      0%         10d2      100%        8


Dungeon Overview and Level Annotations

Branches:
Dungeon (12/15)            Temple (1/1) D:4            Lair (5/5) D:10
  Swamp (2/4) Lair:2        Snake (0/4) Lair:3        Slime (0/5) Lair:5
    Orc (2/2) D:12            Elf (0/3) Orc:2       Gauntlet (visited)

Altars:
Ashenzari
Cheibriados
Dithmenos
Elyvilon
Fedhas
Gozag
Hepliaklqana
Kikubaaqudgha
Makhleb
Nemelex Xobeh
Okawaru
Qazlal
Ru
Sif Muna
Trog
Uskayaw
Vehumet
Wu Jian
Xom
Yredelemnul
Zin
The Shining One
Beogh

Shops:
D:12 [   Orc:1 :   Orc:2 (*(=

Annotations:
D:10 3 runed translucent doors
Lair:3 2 transporters, Huasawuy's ghost, journeyman TrHW


Innate Abilities, Weirdness & Mutations

Your life essence is reduced to manifest your ancestor. (-10% HP)
Armour fits poorly on your strangely shaped body.


Message History

The eleionoma is moderately wounded.
You slash the will-o-the-wisp! You slash the tyrant leech!
You burn the tyrant leech.
The will-o-the-wisp gestures.
The will-o-the-wisp conjures some foxfire!
You block the eleionoma's attack. The tyrant leech bites you.
The tyrant leech draws strength from your injuries!
The will-o-the-wisp engulfs you but does no damage. 2 foxfires come into view.
You miss the tyrant leech.
The tyrant leech is almost dead.
You hit the bunyip. You burn the bunyip. You slash the will-o-the-wisp!
You burn the will-o-the-wisp. You slash the eleionoma! You burn the eleionoma.
The foxfire hits you! You resist. The foxfire hits you! You resist.
The eleionoma hits you!
* * * LOW HITPOINT WARNING * * *
The bunyip barely misses you.
The bunyip claws you but does no damage. x2
The tyrant leech closely misses you. You block the will-o-the-wisp's attack.
The eleionoma hits you but does no damage.
You hit the tyrant leech. You burn the tyrant leech.
The tyrant leech is almost dead.
You closely miss the will-o-the-wisp. You hit the eleionoma.
You burn the eleionoma. You barely miss the bunyip.
An alligator comes into view.
The will-o-the-wisp blinks!
You block the tyrant leech's attack.
The eleionoma splashes around in the water.
You block the will-o-the-wisp's attack. You block the tyrant leech's attack.
The bunyip attacks as you move away!
The bunyip claws you but does no damage.
You block the bunyip's attack. x2
The tyrant leech attacks as you move away!
The tyrant leech bites you but does no damage.
Found a potion of lignification.
The eleionoma hurls a spray of splinters at you.
The spray of wooden splinters hits you!!
* * * LOW HITPOINT WARNING * * *
The tyrant leech attacks as you move away!
The tyrant leech bites you!!
You die...

.♣≈.♣≈.♣≈.♣.(§~~...
§~~~!.♣..♣..♣..♣.~.~§.♣♣
..~~~)♣..♣..♣..♣[.~~♣♣♣
♣....♣..♣..♣..♣.♣♣♣♣
♣♣♣~..≈.♣♣.♣♣.♣♣..
...?~...♣..♣..♣..~
♣.....♣..♣..♣.~~
♣♣~~..♣$.♣..
♣♣♣.~.v@≈.≈♣
♣.§~~x~w..♣♣ ♣.~~[~R†..♣
♣♣.~~~~~~.♣ ♣~.~~~~~.♣
♣~t§~~~~.≈.≈♣
♣♣.^...~...♣♣
....~~..~~.♣
~....~~.~.~.♣


You could see a bunyip, an eleionoma, an alligator, a tyrant leech and a
will-o-the-wisp.

Vanquished Creatures
  A thorn hunter (Swamp:1)
  A ghoul (Swamp:1)
  2 eleionomae
  Nessos (Orc:2)
  A minotaur (Gauntlet)
  A dire elephant (Lair:5)
  3 bunyips (Swamp:1)
  Fannar (D:11)
  2 ghost crabs
  7 hydras
  A spriggan air mage (Swamp:2)
  A catoblepas (Lair:5)
  4 two-headed ogres (D:11)
  5 death yaks
  3 boulder beetles
  A deep troll shaman (Lair:5)
  2 alligators (Swamp:1)
  A soul eater (Gauntlet)
  A skyshark (Lair:4)
  2 goliath frogs (Swamp:1)
  A glowing orange brain (Gauntlet)
  A swamp dragon (Swamp:1)
  Pikel (D:6)
  5 bog bodies
  A manticore (D:11)
  3 ugly things
  6 orc sorcerers (Orc:2)
  A deep elf pyromancer (D:12)
  A cyclops (D:12)
  2 black mambas
  14 elephants
  5 cane toads
  An anaconda simulacrum (Lair:2)
  4 komodo dragons
  2 rime drakes
  A troll (D:12)
  2 polar bears (Lair:4)
  A hornet (Swamp:1)
  2 tyrant leeches (Swamp:1)
  A dream sheep (Lair:5)
  11 blink frogs
  2 slime creatures (Lair:4)
  41 yaks
  4 shadows
  2 wyverns
  A dire elephant simulacrum (Lair:2)
  A steam dragon (Lair:1)
  4 basilisks
  Grum (Lair:1)
  10 vampire mosquitoes
  A neqoxec (Gauntlet)
  2 chaos spawn (Gauntlet)
  4 wargs (Orc:2)
  A catoblepas simulacrum (Lair:2)
  A naga (Lair:3)
  A spectral cane toad (Lair:2)
  An acid dragon (D:8)
  3 swamp worms (Swamp:1)
  8 water moccasins
  A spectral torpor snail (Lair:2)
  11 orc warriors
  6 ogres
  2 ice beasts
  3 black bears
  13 wolves
  A phantom (D:5)
  4 centaurs
  5 bullfrogs
  2 gnoll sergeants
  A spectral water moccasin (Lair:2)
  3 scorpions
  5 wights (D:6)
  2 killer bees (D:11)
  A rime drake simulacrum (Lair:2)
  An electric eel (Lair:1)
  5 howler monkeys
  3 jellies
  2 iguanas (D:6)
  15 orc priests
  2 hounds
  2 sleepcaps
  Natasha (thrice) (D:2)
  29 orc wizards
  5 hell rats (Lair:2)
  9 gnolls
  14 adders
  4 shadow imps
  2 white imps (D:6)
  A worm (D:5)
  7 dart slugs
  73 orcs
  10 ball pythons
  3 endoplasms
  6 giant cockroaches
  6 goblins
  7 hobgoblins
  6 quokkas
  5 bats
  3 frilled lizards
  8 kobolds
  9 rats
495 creatures vanquished.

Vanquished Creatures (collateral kills)
  2 ghouls (Swamp:1)
  A two-headed ogre (D:9)
  A death yak (Lair:4)
  An ugly thing (D:12)
  2 orc knights
  2 orc sorcerers (Orc:2)
  A cyclops (D:11)
  A will-o-the-wisp (Swamp:1)
  8 elephants
  4 cane toads
  A gargoyle (D:12)
  2 rime drakes
  A troll (Orc:1)
  A polar bear (Lair:2)
  6 blink frogs
  5 dream sheep (Lair:5)
  A spriggan (Swamp:1)
  3 wyverns
  21 yaks
  A basilisk (Lair:1)
  A vampire mosquito (D:12)
  A steam dragon (D:9)
  3 swamp worms (Swamp:1)
  5 wargs
  6 water moccasins
  A spectral yak (Lair:2)
  5 orc warriors
  A black bear (Lair:5)
  5 wolves
  A spectral basilisk (Lair:2)
  A kobold brigand (D:10)
  A spectral water moccasin (Lair:2)
  4 bullfrogs
  A cane toad simulacrum (Lair:2)
  A scorpion (Lair:2)
  An electric eel (D:10)
  A howler monkey (D:10)
  A jelly (Lair:5)
  3 orc priests
  17 orc wizards
  A hell rat (Lair:2)
  35 orcs
  A kobold (D:10)
  A butterfly (Swamp:1)
163 creatures vanquished.

Vanquished Creatures (others)
  A bunyip (Swamp:2)
  A swamp dragon (Swamp:2)
  A bog body (Swamp:2)
  2 bloated husks (Swamp:2)
  11 battlemagi
  3 ancestors
  2 orcs (D:6)
  8 foxfires
29 creatures vanquished.

Grand Total: 687 creatures vanquished

Notes
Turn   | Place    | Note
-------+----------+-------------------------------------------
     0 | D:1      | Eitelfritz the Hill Orc Fighter began the quest for the
                  | Orb.
     0 | D:1      | Reached XP level 1. HP: 19/19 MP: 1/1
    82 | D:1      | Reached skill level 3 in Axes
    82 | D:1      | Reached XP level 2. HP: 23/27 MP: 2/2
   348 | D:1      | Reached XP level 3. HP: 33/33 MP: 3/3
   798 | D:2      | Noticed Natasha
   805 | D:2      | Killed Natasha
   806 | D:2      | Reached skill level 4 in Axes
   853 | D:2      | Noticed Natasha
   856 | D:2      | Reached XP level 4. HP: 40/40 MP: 4/4
   862 | D:2      | Killed Natasha
   917 | D:1      | Reached skill level 5 in Axes
  1185 | D:2      | Reached XP level 5. HP: 46/46 MP: 5/5
  1202 | D:2      | Noticed Natasha
  1210 | D:2      | Killed Natasha
  1320 | D:2      | Found a shimmering altar of Xom.
  1698 | D:2      | Reached skill level 6 in Axes
  1715 | D:2      | Identified the +0 pair of gloves "Opuph" {rElec rN+ Int+3
                  | Dex+5}
  2159 | D:3      | Reached XP level 6. HP: 52/52 MP: 6/6
  2841 | D:4      | Found a staircase to the Ecumenical Temple.
  2921 | D:4      | Found an ancient bone altar of Kikubaaqudgha.
  2921 | D:4      | Found a broken altar of Ashenzari.
  2923 | D:4      | Found a snail-covered altar of Cheibriados.
  2931 | D:4      | Found a sacrificial altar of Ru.
  3344 | Temple   | Entered the Ecumenical Temple
  3550 | Temple   | Became a worshipper of Hepliaklqana the Forgotten
  3606 | D:4      | Identified a scroll of acquirement
  3606 | D:4      | Acquired the +0 pair of gloves "Luhudgho" {Drain rC+
                  | Slay+2}
  3628 | D:5      | Entered Level 5 of the Dungeon
  3677 | D:5      | Noticed an ice beast
  3694 | D:5      | Killed an ice beast
  3695 | D:5      | Reached skill level 7 in Axes
  3695 | D:5      | Reached skill level 5 in Armour
  3695 | D:5      | Reached XP level 7. HP: 60/60 MP: 7/7
  3922 | D:5      | Reached skill level 8 in Axes
  4043 | D:5      | Reached XP level 8. HP: 59/67 MP: 8/8
  4145 | D:5      | Reached skill level 9 in Axes
  4367 | D:6      | Reached skill level 5 in Fighting
  4686 | D:6      | Reached skill level 10 in Axes
  4813 | D:6      | Noticed Pikel
  4832 | D:6      | Killed Pikel
  4833 | D:6      | Reached skill level 11 in Axes
  4833 | D:6      | Reached XP level 9. HP: 54/75 MP: 9/9
  5054 | D:6      | Found a hide-covered altar of Uskayaw.
  5066 | D:6      | Found an iron altar of Okawaru.
  5069 | D:6      | Found a glowing golden altar of the Shining One.
  5069 | D:6      | Found a shimmering blue altar of Sif Muna.
  5076 | D:6      | Found a sparkling altar of Nemelex Xobeh.
  5435 | D:7      | Reached * piety under Hepliaklqana
  5526 | D:7      | Reached skill level 5 in Shields
  5740 | D:7      | Reached skill level 12 in Axes
  6175 | D:8      | Reached skill level 13 in Axes
  6175 | D:8      | Reached XP level 10. HP: 56/75 MP: 10/10
  6952 | D:8      | Reached ** piety under Hepliaklqana
  7162 | D:9      | Reached skill level 14 in Axes
  7176 | D:9      | Found a roughly hewn altar of Beogh.
  7176 | D:9      | Found the +7 staff of the Meek {protect, meekguard}
  7262 | D:9      | Remembered your ancestor Ingwe as a battlemage
  7296 | D:9      | Noticed a two-headed ogre
  7301 | D:9      | Killed a two-headed ogre
  7372 | D:9      | Reached skill level 1 in Dodging
  7540 | D:9      | Found an opulent altar of Gozag.
  7582 | D:9      | Reached XP level 11. HP: 85/85 MP: 11/11
  7586 | D:9      | Reached skill level 15 in Axes
  7826 | D:9      | Found a basalt altar of Yredelemnul.
  8034 | D:10     | Entered Level 10 of the Dungeon
  8040 | D:10     | Found a staircase to the Lair.
  8319 | D:10     | Identified the +0 chain mail of Beogh's Reproof {rPois
                  | Str+4}
  8630 | D:10     | Found a runed translucent gate.
  8631 | D:10     | Found a runed translucent gate.
  8631 | D:10     | Found a runed translucent gate.
  8631 | D:10     | Noticed a red ugly thing
  8632 | D:10     | Noticed a cyan ugly thing
  8632 | D:10     | Noticed a red ugly thing
  8633 | D:10     | Noticed a red ugly thing
  8652 | D:10     | Reached skill level 10 in Armour
  8740 | D:10     | Reached *** piety under Hepliaklqana
  9547 | D:11     | Noticed a brown ugly thing
  9548 | D:11     | Noticed a manticore
  9554 | D:11     | Killed a brown ugly thing
  9555 | D:11     | Reached skill level 1 in Stealth
  9556 | D:11     | Killed a manticore
  9557 | D:11     | Reached skill level 16 in Axes
  9605 | D:11     | Noticed a two-headed ogre
  9605 | D:11     | Noticed a two-headed ogre
  9615 | D:11     | Killed a two-headed ogre
  9630 | D:11     | Killed a two-headed ogre
  9631 | D:11     | Reached skill level 10 in Fighting
  9864 | D:11     | Noticed Fannar
  9880 | D:11     | Killed Fannar
  9881 | D:11     | Reached XP level 12. HP: 80/95 MP: 12/12
 10066 | D:11     | Noticed a boulder beetle
 10075 | D:11     | Killed a boulder beetle
 10233 | D:11     | Noticed a boulder beetle
 10245 | D:11     | Killed a boulder beetle
 10281 | D:11     | Noticed a two-headed ogre
 10287 | D:11     | Killed a two-headed ogre
 10288 | D:11     | Reached skill level 17 in Axes
 10350 | D:11     | Noticed a two-headed ogre
 10355 | D:11     | Killed a two-headed ogre
 10857 | D:12     | Found a gate leading to a gauntlet.
 10880 | Gauntlet | Entered a Gauntlet
 10880 | Gauntlet | Found a transporter.
 10880 | Gauntlet | Found a transporter.
 10880 | Gauntlet | Found a transporter.
 10893 | Gauntlet | Found a transporter.
 10893 | Gauntlet | Found a transporter.
 10901 | Gauntlet | Found a transporter.
 10902 | Gauntlet | Reached **** piety under Hepliaklqana
 10904 | Gauntlet | Found a transporter.
 10904 | Gauntlet | Noticed a soul eater
 10914 | Gauntlet | Found a transporter.
 10932 | Gauntlet | Found a transporter.
 10949 | Gauntlet | Found a transporter.
 10952 | Gauntlet | Found a transporter.
 10962 | Gauntlet | Found a transporter.
 11165 | Gauntlet | Gained mutation: Armour fits poorly on your strangely
                  | shaped body. [a neqoxec]
 11203 | Gauntlet | Killed a soul eater
 11308 | Gauntlet | Identified the ring of the Nightingale {rPois rF+}
 11360 | Gauntlet | Noticed a minotaur
 11375 | Gauntlet | Killed a minotaur
 11517 | Gauntlet | Identified the ring "Enesk" {Wiz rPois Slay+3}
 11942 | D:12     | Found Taetos's Antique Armour Emporium.
 12052 | D:12     | Reached XP level 13. HP: 105/105 MP: 13/13
 12165 | D:12     | Found a staircase to the Orcish Mines.
 12289 | Lair:1   | Entered Level 1 of the Lair of Beasts
 12305 | Lair:1   | Noticed Grum
 12315 | Lair:1   | Killed Grum
 12580 | Lair:1   | You fall into a shaft and drop 1 floor!
 12709 | Lair:2   | Found a transporter.
 12991 | Lair:2   | Reached ***** piety under Hepliaklqana
 13352 | Lair:2   | Reached skill level 1 in Invocations
 13537 | Lair:2   | Found a transporter.
 13541 | Lair:2   | Identified the +4 dire flail "Dragonslayer" {heavy, rN+++
                  | Str-4 Dex-2 SInv}
 13550 | Lair:2   | Reached skill level 18 in Axes
 13635 | Lair:2   | Found a staircase to the Swamp.
 15535 | Lair:3   | Reached skill level 10 in Shields
 15602 | Lair:3   | Found a transporter.
 15609 | Lair:3   | Found a transporter.
 15745 | Lair:3   | Found a staircase to the Snake Pit.
 16550 | Lair:3   | Noticed Huasawuy's ghost (journeyman TrHW)
 16551 | Lair:3   | Found a bloodstained altar of Trog.
 16613 | Lair:4   | Reached XP level 14. HP: 97/114 MP: 17/17
 16739 | Lair:4   | Reached skill level 5 in Invocations
 17562 | Lair:5   | Entered Level 5 of the Lair of Beasts
 18285 | Lair:5   | Reached skill level 19 in Axes
 18384 | Lair:5   | Noticed a dire elephant
 18410 | Lair:5   | Killed a dire elephant
 18886 | Lair:5   | Identified the +11 hand axe "Naril" {spect, rPois}
 18995 | Lair:5   | Reached ****** piety under Hepliaklqana
 19011 | Lair:5   | Found a staircase to the Slime Pits.
 19524 | Orc:1    | Entered Level 1 of the Orcish Mines
 19524 | Orc:1    | Found Bedek's Book Shoppe.
 19685 | Orc:1    | Found a roughly hewn altar of Beogh.
 19900 | Orc:2    | Entered Level 2 of the Orcish Mines
 19935 | Orc:2    | Found a staircase to the Elven Halls.
 19964 | Orc:2    | Reached XP level 15. HP: 124/124 MP: 19/19
 20126 | Orc:2    | Found Raussohi's Antique Weapon Shop.
 20126 | Orc:2    | Found Lebb's Jewellery Shoppe.
 20133 | Orc:2    | Bought the amulet of the Air {Inacc Air Fly rElec RMsl} for
                  | 488 gold pieces
 20133 | Orc:2    | Found the amulet of the Air {Inacc Air Fly rElec RMsl}
 20342 | Orc:2    | Noticed Nessos
 20373 | Orc:2    | Killed Nessos
 20449 | Orc:2    | Found a roughly hewn altar of Beogh.
 20476 | Orc:2    | Found Fearext's General Store.
 20476 | Orc:2    | Found Athrump's Weapon Shop.
 20800 | Orc:2    | Bought a throwing net for 51 gold pieces
 21194 | Orc:2    | Bought the ring of Jalostrato {Dex+3 SInv} for 367 gold
                  | pieces
 21599 | Swamp:1  | Entered Level 1 of the Swamp
 21649 | Swamp:1  | Noticed a thorn hunter
 21659 | Swamp:1  | Killed a thorn hunter
 21732 | Swamp:1  | Reached skill level 15 in Armour
 22028 | Swamp:1  | Reached skill level 15 in Fighting
 22462 | Swamp:2  | Noticed a ghoul
 22465 | Swamp:2  | Noticed a ghoul
 22466 | Swamp:2  | Noticed a ghoul
 22485 | Swamp:1  | Reached skill level 5 in Stealth
 22485 | Swamp:1  | HP: 6/126 [alligator (1)]
 22751 | Swamp:1  | Killed a ghoul
 22754 | Swamp:1  | Killed a ghoul
 22924 | Swamp:1  | Killed a ghoul
 23217 | Swamp:2  | Reached skill level 20 in Axes
 23224 | Swamp:2  | Mangled by a tyrant leech

Illustrated notes

Levels and vault maps discovered:
D:1:      psy_arrival_heroes, layout_loops_ring, serial_rivers,
          chequers_serial_rivers_large_b, chequers_serial_rivers_room_b,
          chequers_serial_rivers_marsh, chequers_serial_rivers_large_a,
          chequers_serial_rivers_micro_c, chequers_serial_rivers_micro_a,
          st_stairs_7, minmay_split_cup_large
D:2:      layout_loops_cross, basic_altar, minmay_hexomino_u4, uniq_natasha
D:3:      layout_basic
D:4:      layout_loops_ring, nicolae_overflow_quartered_altars, temple_pool_b
D:5:      layout_basic, kennysheep_cross_room
D:6:      layout_loops_ring, nicolae_overflow_hallway_of_the_gods, uniq_pikel
D:7:      layout_loops_ring
D:8:      cheibrodos_iron_armory, layout_gridville
D:9:      layout_long_grid, mainiacjoe_overflow_catch_the_wave,
          pf_guarded_unrand_meek
D:10:     layout_roguey, david_lair_generic,
          ploomutoo_gammafunk_ghost_potion_laboratory, chequers_big_river
D:11:     minmay_bubble_buster, layout_loops_ring, serial_rivers,
          chequers_serial_rivers_marsh, chequers_serial_rivers_room_a,
          chequers_serial_rivers_room_a, chequers_serial_rivers_room_a,
          chequers_serial_rivers_small_b, chequers_serial_rivers_room_b,
          kennysheep_generic_room_10, uniq_fannar
D:12:     layout_irregular_city, hiddenorc1_lemuel, serial_shops,
          nicolae_shop_overgrown_old_shop, gauntlet_entry_generic
Temple:   minmay_temple_curvy_loop
Lair:1:   layout_cave_pods, small_statue_intersection, grunt_megastairs_3,
          lemuel_fruit_fields, serial_bayou_shore_a, serial_bayou_shore_b,
          serial_bayou_shore_b, uniq_grum
Lair:2:   gammafunk_cloud_chamber, layout_cave_pods, nicolae_swamp_entry_spooky,
          grunt_megastairs_2
Lair:3:   layout_regular_city, guppyfry_snake_entry_garden,
          gammafunk_ghost_wrathful_warriors
Lair:4:   layout_regular_city, chequers_serial_rivers_micro_b,
          serial_bayou_pond_c, serial_bayou_shore_b
Lair:5:   grunt_lair_end_beastmaster, layout_hall_layers,
          minmay_slime_entry_pillars, serial_bayou_pond_e
Swamp:1:  layout_basic_swamp, nicolae_swamp_feature_on_the_river_bank,
          swamp_pool3, nicolae_swamp_trees_clearing,
          nicolae_swamp_frolicking_bunyips
Swamp:2:  layout_basic_swamp, hangedman_swamp_cone
Orc:1:    layout_diamond_mine, serial_shops, shop, basic_altar,
          lemuel_statue_altar
Orc:2:    st_orc_town, layout_caves, uniq_nessos

Skill      XL: |  1  2  3  4  5  6  7  8  9 10 11 12 13 14 15 |
---------------+----------------------------------------------+-----
Axes           | 3 4 5 6 7 8 11 13 14 16 17 18 19 20 | 20.0
Armour         | 4 5 7 8 9 10 12 13 14 15 | 15.4
Fighting       | 4 6 8 10 11 12 14 15 | 15.2
Shields        | 4 5 7 8 10 11 13 | 13.0
Dodging        | 1 |  1.8
Stealth        | 1 3 4 5 |  5.1
Invocations    | 4 6 |  6.0
Ranged Weapons | |  0.6

Action                     |  1- 3 |  4- 6 |  7- 9 | 10-12 | 13-15 || total
---------------------------+-------+-------+-------+-------+-------++-------
  Melee: War axe           |    61 |   204 |   244 |   334 |   635 ||  1478
   Fire: Sling             |       |    10 |       |       |       ||    10
 Invoke: Ancestor Life: Ba |       |       |       |     1 |       ||     1
         Recall Ancestor   |       |       |       |       |     1 ||     1
  Evoke: Wand              |       |       |       |       |     1 ||     1
    Use: Scroll            |       |     9 |     3 |     7 |    13 ||    32
         Potion            |       |       |       |       |     3 ||     3
   Stab: Distracted        |       |       |       |     6 |    18 ||    24
         Petrified         |       |       |       |       |     2 ||     2
 Armour: Scale mail        |    12 |       |       |       |       ||    12
         Chain mail        |    35 |    98 |       |       |       ||   133
         Plate armour      |       |    18 |   109 |    93 |   315 ||   535
  Dodge: Dodged            |    22 |    73 |    98 |   103 |   289 ||   585
         Repelled          |       |       |       |       |     6 ||     6
  Block: Buckler           |    17 |    53 |    71 |    45 |       ||   186
         Tower shield      |       |       |       |    39 |   555 ||   594
